Map: 블루시프트 - 래더

Players

JinairRogue (Rogue) - Winner!

  • Race: Zerg Zerg
  • League: Master
  • Spawn Location: 7:00

Solar

  • Race: Zerg Zerg
  • League: Master
  • Spawn Location: 1:00

Event: IEM Season 13 - Katowice Server Qualifiers Asia 1

VOD

Have the link to the VOD?

Description

Time

  • Played on: Jan. 14, 2019, 7:10 a.m.
  • Length: 6:08

All games in this series

Show
View Real Time Build Order
Export as new Build Order

JinairRogue Zerg - Winner!

Build Orders: Hatch First, Zergling Baneling 

Get SALT Encoding   

  12  0:01  Drone  
  13  0:12  Overlord  
  13  0:16  Drone  
  14  0:30  Drone x2  
  16  0:49  Hatchery  
  16  0:50  Drone  
  16  0:54  Drone  
  17  0:57  Drone  
  18  1:08  Extractor  
  17  1:12  Spawning Pool  
  17  1:15  Drone  
  17  1:18  Drone  
  18  1:28  Drone  
  19  1:40  Overlord  
  19  1:50  Drone  
  20  1:59  Queen  
  20  2:00  Queen  
  24  2:04  Drone  
  24  2:05  Drone  
  26  2:10  Metabolic Boost  
  26  2:12  Drone x2  
  28  2:21  Drone  
  28  2:22  Drone  
  30  2:33  Zergling x4  
  32  2:44  Zergling x4  
  32  2:49  Baneling Nest  
  33  2:53  Overlord  
  33  2:58  Drone  
  33  2:59  Hatchery  
  33  3:08  Zergling x6  
  33  3:11  Zergling x2  
  33  3:12  Zergling x6  
  40  3:13  Zergling x2  
  41  3:20  Overlord  
  41  3:23  Drone  
  42  3:33  Baneling x2  
  42  3:34  Baneling  
  42  3:35  Baneling  
  42  3:39  Zergling x2  
  43  3:43  Zergling x2  
  43  3:44  Zergling x8  
  43  3:48  Baneling x2  
  46  3:54  Zergling x2  
  46  3:55  Zergling x4  
  48  3:58  Overlord  
  48  4:00  Zergling x2  
  48  4:01  Baneling x2  
  48  4:10  Zergling x4  
  48  4:16  Zergling x8  
  54  4:19  Zergling x2  
  54  4:22  Zergling x4  
  49  4:27  Zergling x2  
  44  4:37  Zergling x8  
  45  4:45  Zergling x6  
  47  4:46  Baneling  
  45  4:53  Zergling x4  
  45  4:54  Zergling x2  
  40  5:04  Zergling x6  
  40  5:06  Baneling x2  
  38  5:12  Zergling x4  
  38  5:13  Zergling x2  
  41  5:16  Zergling x2  
  42  5:22  Zergling x4  
  43  5:29  Zergling x4  
  43  5:33  Zergling x4  
  46  5:38  Zergling x2  
  46  5:42  Zergling x4  
  47  5:45  Zergling x2  
  42  5:51  Baneling x2  
Show
View Real Time Build Order
Export as new Build Order

Solar Zerg 

Build Orders: Hatch First 

Get SALT Encoding   

  12  0:02  Drone  
  13  0:13  Overlord  
  13  0:17  Drone  
  14  0:31  Drone  
  14  0:32  Drone  
  16  0:49  Hatchery  
  15  0:52  Drone  
  15  0:55  Drone  
  17  0:59  Drone  
  18  1:07  Extractor  
  17  1:14  Spawning Pool  
  17  1:16  Drone  
  17  1:20  Drone  
  18  1:28  Drone  
  19  1:40  Drone  
  20  1:51  Overlord  
  20  2:01  Queen x2, Zergling x2  
  24  2:02  Zergling x2  
  26  2:12  Drone x2, Metabolic Boost  
  28  2:22  Drone x2  
  30  2:33  Hatchery  
  30  2:36  Drone  
  30  2:39  Drone  
  31  2:44  Drone  
  31  2:46  Overlord  
  32  2:55  Drone  
  33  3:03  Zergling x2  
  33  3:04  Overlord  
  34  3:08  Zergling x10  
  34  3:09  Zergling x2  
  34  3:12  Zergling x2  
  41  3:20  Roach Warren  
  41  3:22  Zergling x2  
  41  3:23  Zergling x2  
  42  3:34  Overlord x2  
  42  3:39  Drone  
  42  3:40  Drone  
  44  3:48  Drone x2  
  44  4:01  Roach x6  
  56  4:04  Roach  
  56  4:07  Roach  
  55  4:20  Zergling x10  
  55  4:23  Zergling x2  
  54  4:25  Ravager  
  54  4:27  Zergling x2  
  54  4:31  Roach  
  55  4:38  Zergling x2  
  48  4:39  Zergling x2  
  48  4:44  Roach  
  51  4:50  Queen  
  53  4:54  Roach  
  47  5:00  Zergling x2  
  47  5:03  Roach  
  47  5:04  Zergling x2  
  47  5:05  Queen  
  44  5:07  Zergling x2  
  44  5:09  Roach  
  44  5:12  Zergling x2  
  47  5:17  Zergling x4  
  47  5:20  Roach  
  47  5:21  Zergling x2  
  51  5:27  Zergling x2  
  51  5:28  Zergling x4  
  52  5:31  Roach  
  52  5:38  Roach  
  46  5:44  Roach  
  46  5:45  Zergling x2  
  46  5:48  Zergling x2  

Tags
 
Add a new tag
Caveats
  • Supply blocks, unpowered buildings, or Contaminate may cause inaccurate times.
  • Supply counts are checked every 10 seconds.